 Dungeon Crawl Stone Soup version 0.25-a0-246-g58704a1ebd (webtiles) character file.

Game seed: 3868993527366392558, levelgen mode: deterministic

291 Jerej03 the Firebug (level 6, -5/43 HPs)
             Began as a Demonspawn Fire Elementalist on Dec 3, 2019.
             Killed by divine providence
             ... invoked by an orc priest
              (11 damage)
             ... on level 4 of the Dungeon.
             The game lasted 00:32:25 (4211 turns).

Jerej03 the Firebug (Demonspawn Fire Elementalist)  Turns: 4211, Time: 00:32:26

Health: -5/43      AC:  6    Str: 10    XL:     6   Next: 10%
Magic:  5/10       EV: 11    Int: 17    God:
Gold:   138        SH:  0    Dex: 13    Spells: 2/11 levels left

rFire    . . .     SeeInvis .   f - +0 short sword
rCold    . . .     Gourm    .   (no shield)
rNeg     . . .     Faith    .   j - +0 ring mail
rPois    .         Spirit   .   b - +0 helmet
rElec    .         Reflect  .   (no cloak)
rCorr    .         Harm     .   (no gloves)
MR       .....                  (no boots)
Stlth    +.........             o - amulet of magic regeneration
HPRegen  0.14/turn              (no ring)
MPRegen  0.37/turn              (no ring)

@: lethally poisoned (-5 -> -7), very slightly contaminated
A: talons 1, powered by pain 1
a: no special abilities


You were on level 4 of the Dungeon.
You were not hungry.

You visited 1 branch of the dungeon, and saw 4 of its levels.
You also visited: Sewer.

You collected 138 gold pieces.

Inventory:

Hand Weapons
 f - a +0 short sword (weapon)
Armour
 a - a +0 robe
 b - a +0 helmet (worn)
 g - a +0 hat
 j - a +0 ring mail (worn)
 m - a +0 chain mail
Jewellery
 o - an amulet of magic regeneration (around neck)
Wands
 h - a wand of acid (3)
Scrolls
 d - 3 scrolls of magic mapping {unknown}
 e - 3 scrolls of identify {unknown}
 i - a scroll of amnesia {unknown}
 k - a scroll of immolation {unknown}
 l - a scroll of noise {unknown}
 v - 2 scrolls of teleportation {unknown}
Potions
 n - a potion of degeneration {unknown}
 p - a potion of brilliance {unknown}
 q - 3 potions of haste {unknown}
 r - 2 potions of heal wounds {unknown}
 s - a potion of magic {unknown}
 t - a potion of might {unknown}
 u - 4 potions of curing {unknown}
 x - a potion of cancellation {unknown}
Comestibles
 c - 5 rations
 w - 2 chunks of flesh


   Skills:
 + Level 1.6 Fighting
 + Level 1.6 Short Blades
 + Level 2.5 Dodging
 + Level 2.7 Stealth
 + Level 3.0 Spellcasting
 + Level 2.3 Conjurations
 + Level 3.8 Fire Magic


You had 2 spell levels left.
You knew the following spells:

 Your Spells              Type           Power        Failure   Level  Hunger
a - Foxfire               Conj/Fire      ##..         13%         1    None
b - Conjure Flame         Conj/Fire      ##......     36%         3    ###....
c - Fireball              Conj/Fire      ##........   98%         5    ######.

Your spell library contained the following spells:

 Spells                   Type           Power        Failure   Level  Hunger
 Inner Flame              Hex/Fire       #.......     52%         3    ###....
 Sticky Flame             Conj/Fire      ##......     77%         4    ####...


Dungeon Overview and Level Annotations

Branches:
Dungeon (4/15)              Sewer (visited)
 Temple: D:4-7

Altars:
Okawaru
Trog
The Shining One


Innate Abilities, Weirdness & Mutations

You have sharp toenails.
You sometimes gain a little power by taking damage.


Message History

Confirm with . or Enter, or press ? or * to list all spells.
You miscast Conjure Flame.
You are very lightly contaminated with residual magic.
A wave of violent energy washes through your body!
* * * LOW HITPOINT WARNING * * *
The adder closely misses you. The orc priest barely misses you.
Unknown command.
Casting: Conjure Flame (slightly dangerous; 36% risk of failure)
Confirm with . or Enter, or press ? or * to list all spells.
The fire begins to smolder!
The adder bites you.
* * * LOW HITPOINT WARNING * * *
You are poisoned.
The adder poisons you! The orc priest misses you.
The orc hits you with a +0 hand axe.
* * * LOW HITPOINT WARNING * * *
The adder closely misses you.
You feel sick.
The orc priest mumbles some strange prayers to Beogh against you.
Beogh smites you!
You die...

###+#### #######......#
#............#
#............#
#............#
#............#
########..........S.######
#.....÷.######..@§o.!....#
#.......# #...ooo.....#
#)......# #...........#
#.......# #...........+
.....<..# #...........#
.######## #...........#
#######.....# ......


You could see an orc priest, an orc wizard, an adder and 2 orcs.

Vanquished Creatures
  An eye of draining (D:3)
  A hound (D:4)
  A worker ant (D:3)
  3 adders
  An ooze (D:3)
  6 worms
  A dart slug (D:2)
  2 orcs (D:3)
  7 bats
  6 giant cockroaches
  7 goblins
  4 hobgoblins
  15 jackals
  A quokka (D:2)
  5 ball pythons
  11 frilled lizards
  15 kobolds
  10 rats
  7 plants (Sewer)
104 creatures vanquished.

Vanquished Creatures (others)
  152 foxfires
  3 plants (Sewer)
155 creatures vanquished.

Grand Total: 259 creatures vanquished

Notes
Turn   | Place    | Note
-------+----------+-------------------------------------------
     0 | D:1      | Jerej03 the Demonspawn Fire Elementalist began the quest
                  | for the Orb.
     0 | D:1      | Reached XP level 1. HP: 13/13 MP: 3/3
   276 | D:1      | Gained mutation: You sometimes gain a little power by
                  | taking damage. [demonic ancestry]
   276 | D:1      | Reached XP level 2. HP: 20/20 MP: 0/5
   889 | D:2      | Reached XP level 3. HP: 25/25 MP: 4/6
   902 | D:2      | Learned a level 3 spell: Conjure Flame
  1425 | D:2      | Found an iron altar of Okawaru.
  1617 | D:2      | Reached XP level 4. HP: 30/31 MP: 7/7
  1623 | D:2      | Found a glowing golden altar of the Shining One.
  1985 | D:3      | Reached skill level 1 in Fighting
  1985 | D:3      | Reached skill level 1 in Short Blades
  2079 | D:3      | Found a glowing drain.
  2097 | Sewer    | Entered a sewer
  2824 | Sewer    | Gained mutation: You have sharp toenails. [demonic
                  | ancestry]
  2824 | Sewer    | Reached XP level 5. HP: 35/37 MP: 7/9
  3972 | D:3      | Learned a level 5 spell: Fireball
  4071 | D:3      | Noticed an eye of draining
  4080 | D:3      | Found a bloodstained altar of Trog.
  4088 | D:3      | Killed an eye of draining
  4184 | D:4      | Reached XP level 6. HP: 25/43 MP: 10/10
  4211 | D:4      | Killed from afar by an orc priest

Levels and vault maps discovered:
D:1:      elethiomel_arrival_shortcut, layout_loops_cross, minmay_pentomino_p4
D:2:      layout_basic, lemuel_doored_altar, marbit_many_paths
D:3:      layout_loops_ring, trog_eyes_of_draining,
          cheibrodos_sewer_entry_sluice, first_ration, minmay_misc_feat_encased,
          hex_tiny, dk_vineyard_1
D:4:      layout_gridville, minmay_cupped

Skill      XL: |  1  2  3  4  5 |
---------------+----------------+-----
Fire Magic     | 3 |  3.8
Stealth        | 2 |  2.7
Dodging        | 2 |  2.5
Fighting       | 1 |  1.6
Short Blades   | 1 |  1.6
Conjurations   | 2 |  2.3
Spellcasting   | 3 |  3.0

Action                   |  1- 3 |  4- 6 || total
-------------------------+-------+-------++-------
Melee: Short sword       |    94 |   867 ||   961
       Kick              |       |   180 ||   180
 Cast: Foxfire           |    54 |    36 ||    90
       Conjure Flame     |     1 |     7 ||     8
 Stab: Sleeping          |       |     1 ||     1
  Eat: Ration            |     1 |     3 ||     4
       Chunk             |       |     5 ||     5
Armor: Robe              |    12 |       ||    12
       Ring mail         |    36 |    65 ||   101
Dodge: Dodged            |    86 |    95 ||   181

Table legend:
 A = Non-vault XP
 B = Vault XP
 C = Vault XP percentage of total XP
 D = Non-vault monster count
 E = Vault monster count
 F = Vault count percentage of total count
                 A         B        C        D         E       F
            +---------+---------+-------+---------+---------+-------
      Total |     212 |     205 |  49.2 |      64 |      33 |  34.0
            +---------+---------+-------+---------+---------+-------
        D:1 |      34 |       4 |  10.5 |      24 |       3 |  11.1
        D:2 |      61 |       1 |   1.6 |      25 |       1 |   3.8
        D:3 |      74 |     152 |  67.3 |      14 |       7 |  33.3
        D:4 |      43 |       0 |   0.0 |       1 |       0 |   0.0
      Sewer |       0 |      48 | 100.0 |       0 |      22 | 100.0
            +---------+---------+-------+---------+---------+-------
